Map: Apotheosis LE

Players

AVEX - Winner!

  • Race: Zerg Zerg
  • League: Diamond

Wombat

  • Race: Protoss Protoss
  • League: Platinum

VOD

Have the link to the VOD?

Description

Time

  • Played on: July 19, 2016, 5:35 p.m.
  • Length: 10:32
Show
View Real Time Build Order
Export as new Build Order

AVEX Zerg - Winner!

Build Orders: Hatch First 

Get SALT Encoding   

  12  0:01  Drone  
  13  0:13  Overlord  
  13  0:24  Drone  
  14  0:31  Drone  
  14  0:34  Drone  
  16  0:35  Drone  
  17  0:55  Drone  
  17  0:56  Hatchery  
  17  0:59  Drone  
  18  1:09  Extractor  
  18  1:11  Drone  
  18  1:18  Spawning Pool  
  17  1:25  Drone  
  18  1:33  Drone  
  18  1:39  Overlord  
  19  1:52  Drone  
  20  1:57  Hatchery  
  19  2:10  Roach Warren  
  19  2:11  Drone  
  19  2:17  Pneumatized Carapace  
  19  2:22  Drone  
  20  2:25  Drone  
  20  2:27  Drone  
  22  2:30  Drone  
  22  2:33  Drone  
  22  2:35  Drone  
  25  2:40  Drone  
  26  2:45  Drone  
  27  2:54  Drone  
  28  3:03  Roach  
  30  3:06  Hatchery, Roach  
  30  3:12  Drone x2  
  33  3:18  Drone  
  33  3:19  Drone  
  35  3:26  Roach x2  
  39  3:29  Overlord  
  39  3:35  Drone  
  39  3:39  Drone  
  39  3:40  Drone  
  42  3:47  Roach x2  
  48  3:55  Roach  
  48  4:02  Drone, Extractor  
  48  4:03  Drone x2, Extractor  
  48  4:04  Overlord  
  49  4:18  Drone  
  49  4:19  Overlord  
  49  4:20  Drone x2  
  49  4:21  Drone x2  
  54  4:29  Lair  
  56  4:38  Roach  
  56  4:44  Drone x2  
  56  4:45  Drone x5, Extractor  
  62  4:48  Spine Crawler  
  62  4:51  Spine Crawler  
  60  4:53  Spine Crawler  
  59  5:00  Roach  
  59  5:01  Roach x5  
  69  5:10  Roach  
  69  5:11  Overlord x2  
  69  5:19  Spine Crawler, Roach x2  
  68  5:27  Glial Reconstitution  
  68  5:28  Roach  
  70  5:36  Roach x2  
  74  5:44  Roach x2  
  74  5:48  Extractor  
  74  5:49  Extractor  
  70  5:51  Drone x6, Roach  
  70  5:52  Drone  
  73  5:58  Ravager  
  73  6:00  Drone x2  
  76  6:09  Drone  
  76  6:10  Drone x3  
  80  6:24  Roach  
  80  6:25  Roach x3  
  84  6:28  Drone x2  
  86  6:33  Drone x2  
  86  6:35  Overlord  
  88  6:46  Overlord x2  
  88  6:56  Roach x4  
  88  6:57  Overlord  
  96  7:14  Roach x3  
  96  7:15  Roach x4  
  110  7:21  Drone x2  
  110  7:22  Drone  
  113  7:25  Drone  
  114  7:30  Drone x3  
  117  7:37  Evolution Chamber  
  117  7:41  Evolution Chamber  
  117  7:42  Roach x2  
  117  7:44  Overlord x3  
  119  7:53  Overlord x3  
  119  8:04  Drone x4  
  123  8:07  Spine Crawler  
  123  8:08  Zerg Missile Weapons Level 1, Zerg Ground Armor Level 1  
  123  8:11  Roach  
  110  8:29  Roach x5  
  110  8:30  Roach x3  
  121  8:34  Overseer x2  
  121  8:40  Roach x4  
  129  8:43  Tunneling Claws  
  129  8:45  Burrow  
  129  8:46  Roach  
  131  8:57  Roach x2  
  131  8:58  Roach x4  
  143  9:04  Hydralisk Den  
  143  9:09  Ravager x2  
  145  9:10  Ravager  
  145  9:33  Hydralisk x2  
  145  9:38  Hatchery  
  148  9:41  Drone x2  
  148  9:42  Drone x8  
  158  9:53  Drone x2  
  158  9:54  Overlord x2  
  160  10:12  Overlord x5  
Show
View Real Time Build Order
Export as new Build Order

Wombat Protoss 

Build Orders:  

Get SALT Encoding   

  12  0:03  Probe (Chrono Boost)  
  13  0:20  Probe (Chrono Boost)  
  14  0:23  Pylon  
  14  0:31  Probe (Chrono Boost)  
  15  0:45  Gateway  
  15  0:50  Assimilator  
  15  0:53  Probe (Chrono Boost)  
  16  1:03  Probe (Chrono Boost)  
  17  1:11  Gateway  
  17  1:14  Probe (Chrono Boost)  
  18  1:20  Pylon  
  18  1:29  Probe (Chrono Boost)  
  19  1:39  Probe (Chrono Boost), Cybernetics Core  
  20  1:42  Assimilator  
  20  2:02  Probe (Chrono Boost)  
  20  2:03  Pylon  
  21  2:12  Warp Gate  
  21  2:13  Probe (Chrono Boost)  
  22  2:20  Adept x2  
  26  2:24  Probe (Chrono Boost)  
  27  2:31  Twilight Council  
  27  2:41  Probe (Chrono Boost)  
  28  2:47  Adept  
  30  2:53  Adept  
  32  2:59  Resonating Glaives  
  32  3:04  Pylon  
  32  3:05  Assimilator  
  32  3:14  Adept  
  34  3:21  Adept  
  36  3:34  Gateway  
  36  3:41  Gateway  
  36  3:52  Mothership Core (Chrono Boost)  
  38  4:32  Adept  
  38  4:33  Adept x2  
  44  4:39  Pylon  
  44  4:43  Nexus  
  40  5:33  Adept x4  
  36  5:58  Adept x4  
  42  6:05  Pylon  
  42  6:11  Probe x2 (Chrono Boost)  
  44  6:20  Adept x3  
  44  6:21  Probe (Chrono Boost)  
  44  6:23  Probe (Chrono Boost)  
  52  6:28  Adept  
  52  6:32  Probe (Chrono Boost)  
  55  6:35  Probe (Chrono Boost)  
  56  6:44  Robotics Facility  
  56  7:12  Adept  
  56  7:13  Adept x3  
  64  7:24  Probe (Chrono Boost), Pylon  
  64  7:26  Immortal  
  64  7:27  Assimilator  
  64  7:29  Pylon  
  65  7:34  Probe (Chrono Boost)  
  70  7:44  Forge  
  70  7:49  Pylon  
  70  8:03  Observer  
  70  8:06  Probe (Chrono Boost)  
  70  8:12  Adept x2  
  76  8:13  Adept  
  76  8:17  Probe (Chrono Boost)  
  65  8:27  Probe (Chrono Boost)  
  38  9:38  Pylon  
  38  9:40  Gateway x2  
  38  9:41  Robotics Facility  
  38  9:42  Robotics Facility  
  38  9:45  Pylon  
  38  9:50  Zealot x3  
  38  9:51  Assimilator, Zealot  
  46  9:55  Assimilator  
  46  9:59  Pylon  
  46  10:06  Pylon  
  46  10:19  Stalker x4  
Tags
 
Add a new tag
Caveats
  • Supply blocks, unpowered buildings, or Contaminate may cause inaccurate times.
  • Supply counts are checked every 10 seconds.